 Dungeon Crawl Stone Soup version 0.27-a0-1347-gd8886f0a89 (webtiles) character file.

Game seed: 8616798291153725906

67 puppykicker the Ducker (level 4, -3/32 HPs)
             Began as a Djinni Hedge Wizard on June 27, 2021.
             Slain by Jessica (6 damage)
             ... on level 3 of the Dungeon.
             The game lasted 00:10:30 (3337 turns).

puppykicker the Ducker (Djinni Hedge Wizard)        Turns: 3337, Time: 00:10:31

Health: -3/32      AC:  2    Str: 10    XL:     4   Next: 38%
Gold:   12         EV: 16    Int: 15    God:
                   SH:  0    Dex: 13

rFire    + + .     SeeInvis .   a - +0 short sword
rCold    x . .     Faith    .   (no shield)
rNeg     . . .     Spirit   .   b - +0 robe
rPois    ∞         Reflect  .   c - +0 hat
rElec    .         Harm     .   (no cloak)
rCorr    .         Rampage  .   (no gloves)
Will     .....                  (boots unavailable)
Stlth    ++........             (no amulet)
HPRegen  0.10/turn              g - +4 ring of evasion
MPRegen  0.00/turn              (no ring)

@: flying
A: sickness immunity, fire resistance 2, cold vulnerability 1, float, innate
caster, hp casting, extra vitality 1
a: no special abilities


You were on level 3 of the Dungeon.
You visited 1 branch of the dungeon, and saw 3 of its levels.

You collected 110 gold pieces.
You spent 98 gold pieces at shops.

Inventory:

Hand Weapons
 a - a +0 short sword (weapon)
Armour
 b - a +0 robe (worn)
 c - a +0 hat (worn)
Jewellery
 g - a +4 ring of evasion (left hand)
Scrolls
 e - a scroll of enchant weapon
 i - a scroll of identify
 t - a scroll of teleportation
Potions
 d - a potion of might


   Skills:
 + Level 1.3 Fighting
 + Level 1.4 Armour
 + Level 2.8 Dodging
 - Level 2.1 Stealth
 + Level 2.7 Spellcasting


You couldn't memorise any spells.
You knew the following spells:

 Your Spells              Type           Power      Damage    Failure   Level
a - Magic Dart            Conj           40%        1d5       7%          1
b - Call Imp              Summ           10%        N/A       10%         2
c - Conjure Flame         Conj/Fire      10%        6-21      21%         3
d - Summon Small Mammal   Summ           40%        N/A       7%          1
p - Blink                 Tloc           N/A        N/A       10%         2
s - Slow                  Hex            10%        N/A       10%         2
x - Mephitic Cloud        Conj/Pois/Air  10%        N/A       21%         3
Your spell library was empty.

Dungeon Overview and Level Annotations

Branches:
Dungeon (3/15)

Altars:
Xom

Shops:
D:2 ?

Annotations:
D:3 Jessica


Innate Abilities, Weirdness & Mutations

You are immune to sickness and miasma.
You are immune to poison.
Your flesh is very heat resistant. (rF++)
You are vulnerable to cold. (rC-)
You float through the air rather than walking.
You learn spells naturally, not from books.
Your magical power is your life essence.
You have superior vitality. (+4 HP)


Message History

The jackal is engulfed in noxious fumes.
The jackal appears confused.
You kill the jackal!
Jessica is engulfed in noxious fumes.
Jessica appears confused.
You aren't carrying any items that you can evoke.
Unknown command.
Okay, then.
Jessica completely misses you.
You hit Jessica. Jessica closely misses you. Jessica misses you.
You hit Jessica.
Jessica asks, "Where am I?"
Jessica hits you with a +0 dagger.
* * * LOW HITPOINT WARNING * * *
You take 2 damage, and have 4/32 hp.
You aren't carrying any items that you can evoke.
Unknown command.
Okay, then.
Casting: Mephitic Cloud (quite dangerous; 21% risk of failure)
Okay, then.
Unknown command.
Casting: Mephitic Cloud (quite dangerous; 21% risk of failure)
A beastly little devil appears in a puff of flame.
* * * LOW HITPOINT WARNING * * *
You take 2 damage, and have 2/32 hp.
You swap places.
What are your orders? t - Shout!
Orders for allies: a - Attack new target. r - Retreat! s - Stop attacking. g - Guard the area. f - Follow me.
Anything else - Cancel.
Gang up on whom?
Press: ? - help, Dir - move target, f - Jessica
Aim: Jessica, wielding a +0 dagger and wearing a +2 robe of willpower (heavily wounded, fast, confused, ally target) Attack!
Jessica barely misses your crimson imp.
Jessica says, "Why is everything spinning?"
Your crimson imp blinks!
You hit Jessica but do no damage. Jessica hits you with a +0 dagger.
You die...

########.# #†###......#
.........###..##......####
.........+................
.........####..##.....##.#
.........# ##....(......#
.........# #.######.#..#
.........#####.#......<..#
...###.......#...####....#
_.. #...@...#...#..#....#
#...@...#...##......#
#...†...#.#.##.#....#
#....)..#.#..#.#....#
#.......#.#..#.#.#..#
..........#.#......#..#
....5###### #.#.##.#..#
#..... #.........# #.....
#.#..#.#.##


You could see Jessica (fast, confused, ally target) and a friendly crimson imp
(summoned).

Levels and vault maps discovered:
D:1:      minmay_arrival_three_doors, layout_loops_ring,
          hellmonk_ecumenical_altar_inner_sanctum, minmay_door_square
D:2:      layout_rooms, serial_shops, shop
D:3:      layout_basic, chequers_temple_overflow_statue_of_worship,
          uniq_jessica, uniq_robin

Notes
Turn   | Place    | Note
-------+----------+-------------------------------------------
     0 | D:1      | puppykicker the Djinni Hedge Wizard began the quest for the
                  | Orb.
     0 | D:1      | Reached XP level 1. HP: 15/15 MP: 0/0
    31 | D:1      | Identified a +0 dagger
   323 | D:1      | Identified a +0 short sword
   638 | D:1      | Reached XP level 2. HP: 17/22 MP: 0/0
   710 | D:1      | Identified a +0 club
   710 | D:1      | Identified a +0 short sword
   806 | D:1      | Identified a +0 dagger
   860 | D:1      | Identified a +0 whip
  1098 | D:1      | HP: 3/22 [jackal (1)]
  1481 | D:1      | Identified a +0 short sword
  1570 | D:1      | Reached XP level 3. HP: 23/26 MP: 0/0
  1570 | D:1      | Learned a level 1 spell: Summon Small Mammal
  1647 | D:1      | Found a faded altar of an unknown god.
  1774 | D:1      | Reached skill level 1 in Armour
  1855 | D:2      | Identified a +0 short sword
  1903 | D:2      | Identified a +0 whip
  1933 | D:2      | Identified a +0 short sword
  1942 | D:2      | HP: 5/26 [kobold (4)]
  1946 | D:2      | Reached skill level 1 in Fighting
  2263 | D:2      | Reached skill level 2 in Stealth
  2443 | D:2      | Identified a +0 short sword
  2451 | D:2      | Identified a +4 ring of evasion
  2542 | D:2      | Found Jeegoaf's Magic Scroll Boutique.
  2542 | D:2      | Identified a +0 dagger
  2632 | D:2      | Bought a scroll of teleportation for 42 gold pieces
  2632 | D:2      | Bought a scroll of identify for 28 gold pieces
  2632 | D:2      | Identified a potion of magic
  2633 | D:2      | Identified a potion of degeneration
  2636 | D:2      | Identified a scroll of enchant weapon
  2736 | D:2      | Reached XP level 4. HP: 9/32 MP: 0/0
  3068 | D:2      | Identified a +0 robe
  3158 | D:2      | Bought a scroll of identify for 28 gold pieces
  3158 | D:2      | Identified a potion of might
  3299 | D:3      | Found a shimmering altar of Xom.
  3304 | D:3      | Identified a +0 dagger
  3306 | D:3      | Identified a +0 dagger
  3306 | D:3      | Identified a +2 robe of willpower
  3306 | D:3      | Noticed Jessica
  3327 | D:3      | HP: 4/32 [Jessica (3)]
  3337 | D:3      | Slain by Jessica

Table legend: (Time is in decaauts)
 A = Elapsed time spent in this place.
 B = Non-inter-level travel time spent in this place.
 C = Inter-level travel time spent in this place.
 D = Time resting spent in this place.
 E = Time spent auto-exploring this place.
 F = Levels seen in this place.
 G = Mean time per level.
                   A        B        C        D        E       F      G
               +--------+--------+--------+--------+--------+-----+--------+
         Total |   3346 |   3233 |    113 |   1819 |   1013 |   3 | 1115.3 |
       Dungeon |   3346 |   3233 |    113 |   1819 |   1013 |   3 | 1115.3 |
               +--------+--------+--------+--------+--------+-----+--------+

Top non-repeatable levels by time:
     D:1: 2145 daAuts
     D:2: 1042 daAuts
     D:3: 158 daAuts

Table legend:
 A = Kills in this place as a percentage of kills in entire the game.
 B = Kills by you in this place as a percentage of kills by you in the entire game.
 C = Kills by friends in this place as a percentage of kills by friends in the entire game.
 D = Other kills in this place as a percentage of other kills in the entire game.
 E = Experience gained in this place as a percentage of experience gained in the entire game.
 F = Experience gained in this place divided by the number of levels of this place that you have seen.
                   A       B       C       D       E      F
               +-------+-------+-------+-------+-------+----------------------
         Total | 100.0 | 100.0 | 100.0 |   N/A | 100.0 |  32.0
       Dungeon | 100.0 | 100.0 | 100.0 |   N/A | 100.0 |  32.0
               +-------+-------+-------+-------+-------+----------------------

Skill      XL: |  1  2  3 |
---------------+----------+-----
Armour         | 1 |  1.4
Fighting       | 1 |  1.3
Stealth        | 2 |  2.1
Dodging        | |  2.8
Spellcasting   | |  2.7

Action                   |  1- 3 |  4- 6 || total
-------------------------+-------+-------++-------
Melee: Dagger            |     5 |       ||     5
       Short sword       |    55 |    35 ||    90
 Cast: Magic Dart        |    72 |     1 ||    73
       Call Imp          |     2 |     1 ||     3
       Mephitic Cloud    |       |     4 ||     4
  Use: Scroll            |     3 |     1 ||     4
 Stab: Sleeping          |     5 |       ||     5
       Confused          |       |     2 ||     2
Armor: Robe              |    12 |     4 ||    16
Dodge: Dodged            |    54 |    27 ||    81

Vanquished Creatures
  An adder (D:2)
  2 worms
  3 dart slugs
  9 endoplasms
  A giant cockroach (D:1)
  2 goblins (D:1)
  A hobgoblin (D:1)
  2 jackals (D:3)
  5 bats
  2 frilled lizards
  11 kobolds
  6 rats
45 creatures vanquished.

Vanquished Creatures (collateral kills)
  3 jackals (D:1)
3 creatures vanquished.

Grand Total: 48 creatures vanquished
